AoeStats
← Yulego24

MegaRandom

510350553Analyzed
3v3 RM · 1d ago on Sep 30, 2026· 52m 36s· 6 players
Game mode
Random Map
Map size
Normal (6 player)
Population
200
Speed
Normal
Resources
Standard
Victory
Conquest
Starting age
Dark Age
Ending age
Imperial Age
RankedLock teamsTeams togetherTeam positionsShared explorationLock speedFull tech treeHidden civsTurbo modeCheats
Victory
Defeat
🇨🇷 Khmer · Costa Rica
1104
+12
🇨🇷 Danes · Costa Rica
1031
+15
🇨🇷 Goths · Costa Rica
1011
+15
🇪🇨 Gurjaras · Ecuador
1059
-16
🇹🇷 Sicilians · Türkiye
1007
-14
🇪🇸 Franks · Spain
945
-12
BornForust
0:30 Loom
12:20 Feudal Age
13:21 Double-Bit Axe
13:23 Horse Collar
17:37 Castle Age
20:35 Bow Saw
25:16 Wheelbarrow
25:49 Heavy Plow
27:08 Hand Cart
28:32 Town Watch
32:54 Imperial Age
31:39 Scale Barding Armor
31:44 Forging
30:59 Light Cavalry
31:42 Husbandry
31:58 Bloodlines
32:18 Gold Mining
32:20 Stone Mining
33:41 Chain Barding Armor
33:58 Iron Casting
34:25 Crop Rotation
33:30 Cavalier
35:05 Gold Shaft Mining
36:16 Conscription
37:10 Plate Barding Armor
37:36 Blast Furnace
37:59 Caravan
38:32 Hauberk
Lordcreos
13:00 Feudal Age
11:15 Loom
16:51 Castle Age
15:31 Double-Bit Axe
23:29 Horse Collar
25:42 Wheelbarrow
26:45 Bloodlines
27:40 Hand Cart
35:12 Thumb Ring
36:17 Heavy Plow
43:01 Imperial Age
43:04 Forging
42:55 Scale Mail Armor
43:36 Heavy Camel Rider
44:17 Husbandry
44:24 Scale Barding Armor
44:55 Iron Casting
46:19 Chain Barding Armor
46:55 Conscription
47:42 Frontier Guards
jorgedelapp
2:39 Loom
12:11 Feudal Age
12:51 Double-Bit Axe
12:53 Town Watch
13:43 Wheelbarrow
17:35 Gold Mining
20:52 Castle Age
19:39 Scale Barding Armor
19:45 Forging
20:41 Fletching
22:31 Husbandry
24:25 Hand Cart
26:10 Chain Barding Armor
29:43 Gold Shaft Mining
30:34 Iron Casting
32:31 Imperial Age
30:15 Stone Mining
31:39 Bow Saw
32:36 Caravan
33:00 Fortified Wall
33:12 Ballistics
34:43 Blast Furnace
34:39 Padded Archer Armor
35:04 Bodkin Arrow
35:48 Cavalier
36:40 Cranequins
37:57 Leather Archer Armor
40:15 Chemistry
39:11 Murder Holes
41:43 Plate Barding Armor
43:05 Paladin
45:35 Heavy Mounted Crossbowman
Ganito
0:54 Loom
10:55 Feudal Age
15:59 Castle Age
14:20 Double-Bit Axe
14:33 Horse Collar
28:50 Heavy Plow
29:48 Gold Mining
30:31 Squires
29:57 Pikeman
31:32 Scale Mail Armor
31:42 Forging
32:35 Wheelbarrow
31:46 Town Watch
36:36 Imperial Age
34:24 Hand Cart
34:45 Chain Mail Armor
35:08 Iron Casting
34:51 Bow Saw
37:30 Gold Shaft Mining
36:39 Halberdier
38:08 Plate Mail Armor
38:23 Gambesons
38:06 Elite Jomsviking
39:17 Conscription
38:23 Hamask
40:11 Arson
40:42 Elite Varangian Guard
42:40 Blast Furnace
41:31 Onager
The_Terciopelo
10:53 Feudal Age
15:57 Castle Age
13:52 Double-Bit Axe
14:04 Horse Collar
17:16 Town Watch
22:35 Forging
23:20 Light Cavalry
24:47 Scale Barding Armor
27:02 Bloodlines
30:19 Chain Barding Armor
30:34 Iron Casting
30:29 Husbandry
35:22 Imperial Age
33:21 Heavy Plow
33:34 Bow Saw
35:21 Stone Mining
35:22 Gold Mining
36:07 Sanctity
36:57 Fletching
38:09 Blast Furnace
37:44 Plate Barding Armor
44:32 Conscription
44:41 Double Crossbow
44:51 Tusk Swords
48:08 Elite Battle Elephant
Yulego24
2:41 Loom
10:36 Feudal Age
11:33 Double-Bit Axe
13:23 Horse Collar
18:55 Castle Age
19:17 Pikeman
24:24 Forging
27:33 Heavy Plow
28:02 Fletching
32:36 Imperial Age
30:28 Bow Saw
31:00 Gold Mining
32:02 Iron Casting
32:16 Anarchy
34:54 Scale Mail Armor
37:12 Wheelbarrow
37:16 Conscription
41:58 Elite Huskarl
43:14 Halberdier
43:56 Squires
47:27 Perfusion
47:51 Chain Mail Armor
48:37 Blast Furnace
Connection lost

Rejoining the realm…

Still unreachable

The connection could not be restored.

Session expired

The server has moved on; the page needs a fresh start.